 Dungeon Crawl Stone Soup version 0.22-a0-612-gd2f0174 (webtiles) character file.

47749 glosham the Sharpshooter (level 14, -3/146 HPs)
             Began as a Barachi Hunter on July 10, 2018.
             Was the Champion of Okawaru.
             Slain by a blink frog (12 damage)
             ... on level 6 of the Lair of Beasts on July 11, 2018.
             The game lasted 05:17:19 (12149 turns).

glosham the Sharpshooter (Barachi Hunter)          Turns: 12149, Time: 05:17:20

Health: -3/146     AC:  8    Str: 17    XL:     14   Next: 43%
Magic:  9/26       EV: 17    Int: 17    God:    Okawaru [******]
Gold:   890        SH:  0    Dex: 14    Spells: 7/29 levels left

rFire    . . .     SeeInvis .     - Unarmed
rCold    . . .     Gourm    .   (shield currently unavailable)
rNeg     . . .     Faith    +   (armour currently unavailable)
rPois    +         Spirit   .   (helmet currently unavailable)
rElec    .         Reflect  .   (cloak currently unavailable)
rCorr    .         Harm     .   (gloves currently unavailable)
MR       +....                  (boots currently unavailable)
Stlth    +++.......             z - amulet of faith {!P}
HPRegen  0.34/turn              A - +3 ring of evasion
MPRegen  0.20/turn              B - ring of wizardry

@: brilliant, hydra-form, heroism
A: very large, +LOS, swims
a: End Transformation, Heroism, Finesse, Renounce Religion


You were on level 6 of the Lair of Beasts.
You worshipped Okawaru.
Okawaru was exalted by your worship.
You were not hungry.
You were a five-headed hydra.
You visited 3 branches of the dungeon, and saw 17 of its levels.

You collected 1130 gold pieces.
You spent 240 gold pieces at shops.

Inventory:

Hand Weapons
 a - the +5 arbalest "Fyesiniss" (melded) {penet, rC- Dex+5 SInv}
   (Okawaru gifted it to you on level 2 of the Lair of Beasts)

   Ammo fired by it will pass through the targets it hits, potentially hitting
   all targets in its path until it reaches maximum range.
   It affects your dexterity (+5).
   It makes you vulnerable to cold.
   It lets you see invisible.
 b - the +7 spear "Heil" {freeze, +Inv MR+}
   (You found it on level 7 of the Dungeon)

   It has been specially enchanted to freeze those struck by it, causing extra
   injury to most foes and up to half again as much damage against particularly
   susceptible opponents.
   It can also slow down cold-blooded creatures.
   It affects your resistance to hostile enchantments.
   It lets you turn invisible.
 c - a +2 triple crossbow of flaming
Missiles
 d - 124 bolts
 C - 265 arrows
Armour
 I - a +3 plate armour of cold resistance
 R - a +0 troll leather armour
 U - a +2 helmet (melded)
 V - the +2 pair of gloves of the Great Game (melded) {rC+}
   (Okawaru gifted it to you on level 3 of the Lair of Beasts)

   It protects you from cold.
 W - a +2 pair of boots (melded)
 X - +1 steam dragon scales (melded)
 Y - a +2 cloak (melded)
Magical Staves
 f - an uncursed staff of air
Jewellery
 z - an amulet of faith (around neck) {!P}
 A - a +3 ring of evasion (left foreclaw)
 B - a ring of wizardry (right foreclaw)
 F - an uncursed ring of flight
Wands
 g - a wand of enslavement (6)
 h - a wand of polymorph (6)
 i - a wand of paralysis (9)
 j - a wand of flame (78)
 D - a wand of acid (6)
Scrolls
 k - 9 scrolls of teleportation
 l - 3 scrolls of blinking
 m - 2 scrolls of fog
 n - a scroll of fear
 o - 11 scrolls of remove curse
 p - 10 scrolls of identify
 q - 4 scrolls of magic mapping
 E - 2 scrolls of immolation
Potions
 r - 5 potions of curing
 s - a potion of heal wounds
 t - 2 potions of magic
 u - 3 potions of haste
 v - a potion of brilliance
 w - 4 potions of lignification
 x - 3 potions of cancellation
 y - 3 potions of might
 H - a potion of flight
 L - a potion of berserk rage {!q}
Miscellaneous
 K - a fan of gales
Comestibles
 e - 33 rations
 G - 9 chunks of flesh


   Skills:
 - Level 11.5(16.5) Fighting
 * Level 15.3(20.3) Crossbows
 - Level 2.0(7.0) Armour
 - Level 6.9(11.9) Dodging
 - Level 0.8(5.8) Stealth
 - Level 10.0(15.0) Unarmed Combat
 - Level 8.0 Spellcasting
 - Level 4.0 Hexes
 - Level 1.1 Necromancy
 - Level 2.0 Translocations
 - Level 10.0 Transmutations


You had 7 spell levels left.
You knew the following spells:

 Your Spells              Type           Power        Failure   Level  Hunger
a - Apportation           Tloc           ###...       1%          1    None
c - Confusing Touch       Hex            ####..       1%          1    None
x - Blade Hands           Tmut           ######....   1%          5    #####..
A - Animate Skeleton      Necr           N/A          1%          1    None
C - Ice Form              Ice/Tmut       ####....     1%          4    ###....
H - Hydra Form            Tmut           ######....   3%          6    ######.
R - Corpse Rot            Necr           N/A          1%          2    None
S - Sticks to Snakes      Tmut           ######..     1%          2    None

Your spell library contained the following spells:

 Spells                   Type           Power        Failure   Level  Hunger
 Invisibility             Hex            ####....     30%         6    ######.
 Summon Small Mammal      Summ           ###.         1%          1    None
 Tukima's Dance           Hex            ####....     1%          3    #......
 Stone Arrow              Conj/Erth      ###...       3%          3    #......
 Spider Form              Tmut/Pois      ####......   1%          3    #......
 Summon Butterflies       Summ           ###.....     1%          1    None
 Alistair's Intoxication  Tmut/Pois      ####....     4%          5    #####..
 Leda's Liquefaction      Hex/Erth       ###.......   5%          4    ###....
 Summon Hydra             Summ           ###.......   99%         7    #######
 Beastly Appendage        Tmut           ######       1%          1    None
 Summon Forest            Summ/Tloc      ###.......   19%         5    #####..
 Lesser Beckoning         Tloc           ###.......   1%          3    #......


Dungeon Overview and Level Annotations

Branches:
Dungeon (10/15)            Temple (1/1) D:6            Lair (6/6) D:10
  Swamp (0/4) Lair:4       Spider (0/4) Lair:3        Slime (0/5) Lair:6
    Orc: D:9-12

Altars:
Cheibriados
Elyvilon
Gozag
Hepliaklqana
Kikubaaqudgha
Makhleb
Nemelex Xobeh
Okawaru
Qazlal
Ru
Sif Muna
Trog
Uskayaw
Vehumet
Wu Jian
Yredelemnul
Zin
The Shining One

Shops:
D:5 [   D:8 *::   D:9 *

Portals:
Trove: D:10 (give +3 shadow dragon scales)


Innate Abilities, Weirdness & Mutations

Shadows flee at your approach. (+LOS)
You can swim through water.
((You cover ground slowly.))
((You can hop long distances.))


Message History

The death yak is almost dead.
The death yak barely misses you.
A wolf comes into view.
The wolf howls!
You bite the death yak!
You kill the death yak!
Okawaru accepts your kill.
You gouge the wolf!!
The wolf is almost dead.
The wolf closely misses you. The wolf bites you but does no damage.
You closely miss the wolf.
The wolf is almost dead.
The wolf closely misses you.
You barely miss the wolf.
The wolf is almost dead.
The wolf bites you.
* * * LOW HITPOINT WARNING * * *
The wolf bites you but does no damage.
You bite the wolf!
You hungrily devour the wolf!
You feel a lot less hungry.
You feel better.
You kill the wolf!
Okawaru accepts your kill.
You gouge the wolf!!
The wolf bites you!
* * * LOW HITPOINT WARNING * * *
You nip at the wolf.
The wolf is almost dead.
You nip at the yak.
The wolf bites you.
* * * LOW HITPOINT WARNING * * *
The yak gores you.
* * * LOW HITPOINT WARNING * * *
You gouge the yak!!
The yak is heavily wounded.
You gouge the wolf!!
You hungrily devour the wolf!
You feel a lot less hungry.
You feel better.
You kill the wolf!
Okawaru accepts your kill.
You closely miss the blink frog. You bite the yak! The yak gores you!
* * * LOW HITPOINT WARNING * * *
The blink frog hits you!
You die...

....#.#..####...#......###.
..........................P
........................#PP
..<........#.#+..#.........
...........#.#....##...##..
..........#.......#.....##.
...........#......##...####
..........#♣.....##....P##.
.........FD♣Y...♣♣##....###
.........♣♣YY....♣.....####
.......♣...Y......♣....###.
.............†......♣..##.#
...........................
....D♣....!....(.....♣.....
.....♣..........(..........
.....................♣.#..
..............(........#


You could see 3 yaks and a blink frog.

Vanquished Creatures
  3 hydras
  2 catoblepae
  2 two-headed ogres (D:8)
  The ghost of TBriggs11TB the Slinger, a journeyman HaHu of Cheibriados (D:9)
  6 death yaks (Lair:6)
  Nergalle (Lair:3)
  An unseen horror (D:10)
  A lindwurm (Lair:4)
  4 oklob plants (Lair:2)
  5 elephants (Lair:5)
  4 black mambas
  Psyche (D:8)
  11 spiny frogs
  5 komodo dragons
  4 trolls
  A queen bee (Lair:4)
  A tyrant leech (Lair:4)
  A guardian mummy (D:10)
  2 meliai (Lair:4)
  Grinder (D:3)
  A hornet (D:8)
  10 blink frogs
  6 hippogriffs
  Prince Ribbit (D:8)
  Sigmund (D:2)
  A redback (Lair:3)
  A shadow (D:10)
  A wraith (D:10)
  Eustachio (D:6)
  44 yaks
  A wyvern (D:10)
  2 steam dragons (D:6)
  Grum (D:9)
  A hungry ghost (D:9)
  3 basilisks
  2 swamp worms (Lair:4)
  9 porcupines
  13 water moccasins
  2 orc warriors
  An ice beast (D:8)
  A black bear (D:8)
  2 sky beasts (D:9)
  A necrophage (D:9)
  2 phantoms
  47 wolves
  5 centaurs
  9 ogres
  10 crocodiles
  16 bullfrogs
  A big kobold (D:9)
  A scorpion (D:4)
  37 killer bees
  20 wights
  A howler monkey (D:7)
  A crimson imp (D:5)
  2 bullfrog zombies (D:5)
  A centaur zombie (D:5)
  A gnoll shaman (D:9)
  A jelly (D:6)
  3 hounds
  2 bullfrog skeletons
  9 orc priests
  10 orc wizards
  Crazy Yiuf (D:3)
  3 centaur skeletons
  Jessica (D:2)
  9 worker ants
  3 iguanas
  2 hell rats (Lair:1)
  A killer bee zombie (D:5)
  A hound zombie (D:5)
  2 hound skeletons
  2 worker ant zombies
  Robin (D:2)
  12 gnolls
  10 adders
  7 river rats (Lair:1)
  3 shadow imps (D:5)
  2 oozes
  3 adder skeletons
  A worm (D:2)
  A dart slug (D:1)
  5 leopard geckos
  37 orcs
  6 giant cockroaches
  11 goblins
  12 hobgoblins
  11 jackals
  9 kobolds
  4 quokkas
  2 ball pythons
  7 bats
  6 frilled lizards
  A giant cockroach zombie (D:5)
  A leopard gecko skeleton (D:5)
  2 leopard gecko zombies (D:5)
  2 quokka skeletons
  A quokka zombie (D:5)
  12 rats
  A rat (shapeshifter) (D:4)
  3 plants
540 creatures vanquished.

Vanquished Creatures (others)
  A bush (Lair:6)
  16 fungi
  19 plants
36 creatures vanquished.

Grand Total: 576 creatures vanquished

Notes
Turn   | Place    | Note
-------+----------+-------------------------------------------
     0 | D:1      | glosham the Barachi Hunter began the quest for the Orb.
     0 | D:1      | Reached XP level 1. HP: 17/17 MP: 1/1
    69 | D:1      | Reached skill level 3 in Fighting
   103 | D:1      | Reached XP level 2. HP: 21/24 MP: 2/2
   245 | D:1      | Reached skill level 1 in Armour
   435 | D:1      | Reached skill level 4 in Fighting
   435 | D:1      | Reached XP level 3. HP: 30/30 MP: 3/3
   719 | D:2      | Reached XP level 4. HP: 18/38 MP: 4/4
   724 | D:2      | Noticed Jessica
   932 | D:2      | Killed Jessica
   932 | D:2      | Reached skill level 5 in Fighting
   932 | D:2      | Reached skill level 2 in Armour
  1093 | D:2      | Reached XP level 5. HP: 35/44 MP: 5/5
  1132 | D:2      | Noticed Robin
  1137 | D:2      | Killed Robin
  1243 | D:2      | Reached skill level 6 in Fighting
  1355 | D:2      | Noticed Sigmund
  1364 | D:2      | Killed Sigmund
  1364 | D:2      | Reached skill level 7 in Fighting
  1364 | D:2      | Reached skill level 3 in Dodging
  1364 | D:2      | Reached XP level 6. HP: 55/55 MP: 6/6
  1386 | D:2      | Found a faded altar of an unknown god.
  1920 | D:3      | Noticed Grinder
  1932 | D:3      | Paralysed by Grinder for 7 turns
  1939 | D:3      | Killed Grinder
  1939 | D:3      | Reached skill level 8 in Fighting
  1939 | D:3      | Reached skill level 4 in Dodging
  1939 | D:3      | Reached XP level 7. HP: 37/62 MP: 7/7
  1995 | D:3      | Found a runed door.
  2200 | D:3      | Noticed Crazy Yiuf
  2205 | D:3      | Killed Crazy Yiuf
  2748 | D:4      | Reached skill level 9 in Fighting
  2799 | D:4      | Reached skill level 5 in Dodging
  2799 | D:4      | Reached XP level 8. HP: 47/71 MP: 8/8
  3151 | D:5      | Entered Level 5 of the Dungeon
  3484 | D:5      | Found Bexas's Antique Armour Shop.
  3516 | D:5      | Reached skill level 10 in Fighting
  3584 | D:5      | Upgraded the game from 0.22-a0-609-gfedc9ff to 0.22-a0-612-gd2f0174
  3722 | D:5      | Reached skill level 6 in Dodging
  3889 | D:6      | Reached skill level 11 in Fighting
  3889 | D:6      | Reached XP level 9. HP: 81/81 MP: 9/9
  4066 | D:6      | Found an iron altar of Okawaru.
  4075 | D:6      | Became a worshipper of Warmaster Okawaru
  4093 | D:6      | Found a staircase to the Ecumenical Temple.
  4185 | Temple   | Entered the Ecumenical Temple
  4395 | D:6      | Found a hide-covered altar of Uskayaw.
  4395 | D:6      | Found a white marble altar of Elyvilon.
  4396 | D:6      | Found a radiant altar of Vehumet.
  4396 | D:6      | Found a basalt altar of Yredelemnul.
  4401 | D:6      | Found a bloodstained altar of Trog.
  4401 | D:6      | Noticed Eustachio
  4409 | D:6      | Found a deep blue altar of Sif Muna.
  4415 | D:6      | Killed Eustachio
  4415 | D:6      | Reached * piety under Okawaru
  4415 | D:6      | Reached skill level 5 in Crossbows
  4590 | D:7      | Got a translucent spear
  4711 | D:7      | Reached skill level 6 in Crossbows
  4792 | D:7      | Learned a level 5 spell: Blade Hands
  4906 | D:7      | Reached skill level 1 in Transmutations
  4964 | D:7      | Reached skill level 1 in Spellcasting
  4964 | D:7      | Reached skill level 2 in Transmutations
  5023 | D:7      | Reached ** piety under Okawaru
  5023 | D:7      | Reached skill level 3 in Transmutations
  5047 | D:7      | Reached skill level 2 in Spellcasting
  5152 | D:7      | Identified the +7 spear "Heil" {freeze, +Inv MR+} (You found it on level 7 of the Dungeon)
  5170 | D:8      | Reached skill level 4 in Transmutations
  5207 | D:8      | Noticed a hornet
  5222 | D:8      | Killed a hornet
  5222 | D:8      | Reached skill level 3 in Spellcasting
  5222 | D:8      | Reached XP level 10. HP: 88/88 MP: 11/14
  5233 | D:8      | Reached skill level 5 in Transmutations
  5240 | D:8      | Reached *** piety under Okawaru
  5404 | D:8      | Noticed a two-headed ogre
  5456 | D:8      | Killed a two-headed ogre
  5456 | D:8      | Reached skill level 4 in Spellcasting
  5456 | D:8      | Reached skill level 6 in Transmutations
  5505 | D:8      | Reached skill level 7 in Transmutations
  5505 | D:8      | Noticed Psyche
  5515 | D:8      | Found Hozim's General Store.
  5521 | D:8      | Killed Psyche
  5521 | D:8      | Reached **** piety under Okawaru
  5665 | D:8      | Learned a level 4 spell: Ice Form
  5700 | D:8      | Found Ytuobatho's Book Boutique.
  5725 | D:8      | Received a gift from Okawaru
  5734 | D:8      | Noticed Prince Ribbit
  5750 | D:8      | Killed Prince Ribbit
  5750 | D:8      | Reached skill level 5 in Spellcasting
  5750 | D:8      | Reached skill level 8 in Transmutations
  5817 | D:8      | Noticed a two-headed ogre
  5820 | D:8      | Killed a two-headed ogre
  5820 | D:8      | Reached skill level 3 in Unarmed Combat
  5847 | D:8      | Found Coto's Book Emporium.
  5852 | D:8      | Bought a book of Cantrips for 240 gold pieces
  5854 | D:8      | Learned a level 1 spell: Apportation
  5856 | D:8      | Learned a level 1 spell: Confusing Touch
  5858 | D:8      | Learned a level 1 spell: Animate Skeleton
  5913 | D:8      | Reached skill level 4 in Unarmed Combat
  6090 | D:9      | Reached skill level 1 in Hexes
  6090 | D:9      | Reached skill level 1 in Translocations
  6189 | D:9      | Reached XP level 11. HP: 89/93 MP: 18/18
  6253 | D:9      | Reached skill level 5 in Unarmed Combat
  6266 | D:9      | Reached skill level 2 in Translocations
  6312 | D:9      | Reached skill level 2 in Hexes
  6364 | D:9      | Reached skill level 6 in Unarmed Combat
  6372 | D:9      | Reached ***** piety under Okawaru
  6393 | D:9      | Noticed Grum
  6399 | D:9      | Killed Grum
  6409 | D:9      | Found a transporter.
  6452 | D:9      | Found a transporter.
  6454 | D:9      | Noticed TBriggs11TB's ghost (journeyman HaHu)
  6486 | D:9      | Reached skill level 7 in Unarmed Combat
  6619 | D:9      | Received a gift from Okawaru
  6638 | D:9      | Killed TBriggs11TB's ghost
  6638 | D:9      | Reached skill level 8 in Unarmed Combat
  6749 | D:9      | Found Tuuscheat's General Store.
  6824 | D:10     | Entered Level 10 of the Dungeon
  7081 | D:10     | Reached skill level 9 in Unarmed Combat
  7081 | D:10     | Reached skill level 3 in Hexes
  7263 | D:10     | Killed an unseen horror
  7263 | D:10     | Received a gift from Okawaru
  7361 | D:10     | Found a portal to a secret trove of treasure.
  7487 | D:10     | Found a staircase to the Lair.
  7661 | Lair:1   | Entered Level 1 of the Lair of Beasts
  7684 | D:10     | Reached XP level 12. HP: 98/100 MP: 17/20
  7695 | Lair:1   | Reached skill level 6 in Spellcasting
  7695 | Lair:1   | Reached skill level 4 in Hexes
  7898 | Lair:1   | Received a gift from Okawaru
  7935 | Lair:1   | Reached skill level 7 in Crossbows
  7935 | Lair:1   | Reached skill level 10 in Unarmed Combat
  7954 | Lair:1   | Reached skill level 9 in Transmutations
  8140 | Lair:1   | Identified the cursed +1 robe of Snakes and Ladders {Int+3} (You found it on level 1 of the Lair of Beasts)
  8249 | Lair:1   | Reached ****** piety under Okawaru
  8425 | Lair:2   | Noticed an eight-headed hydra
  8438 | Lair:2   | Killed an eight-headed hydra
  8438 | Lair:2   | Received a gift from Okawaru
  8616 | Lair:2   | Reached skill level 8 in Crossbows
  8841 | Lair:2   | Reached skill level 7 in Spellcasting
  8873 | Lair:2   | Received a gift from Okawaru
  8901 | Lair:2   | Learned a level 6 spell: Hydra Form
  8903 | Lair:2   | Learned a level 1 spell: Summon Butterflies
  8906 | Lair:2   | Learned a level 2 spell: Corpse Rot
  9000 | Lair:2   | Noticed a catoblepas
  9017 | Lair:2   | Killed a catoblepas
  9017 | Lair:2   | Received a gift from Okawaru
  9017 | Lair:2   | Reached skill level 9 in Crossbows
  9018 | Lair:2   | Identified the +5 arbalest "Fyesiniss" {penet, rC- Dex+5 SInv} (Okawaru gifted it to you on level 2 of the Lair of Beasts)
  9072 | Lair:2   | Noticed an eight-headed hydra
  9082 | Lair:2   | Killed an eight-headed hydra
  9082 | Lair:2   | Reached skill level 1 in Necromancy
  9082 | Lair:2   | Reached skill level 10 in Transmutations
  9305 | Lair:3   | Gained mutation: You can hop long distances. [Barachi growth]
  9305 | Lair:3   | Reached XP level 13. HP: 100/106 MP: 19/24
  9328 | Lair:3   | Reached skill level 10 in Crossbows
  9334 | Lair:3   | Reached skill level 8 in Spellcasting
  9365 | Lair:3   | Received a gift from Okawaru
  9366 | Lair:3   | Got a pair of encrusted gloves {god gift}
  9387 | Lair:3   | Identified the +2 pair of gloves of the Great Game {rC+} (Okawaru gifted it to you on level 3 of the Lair of Beasts)
  9464 | Lair:3   | Noticed Nergalle
  9476 | Lair:3   | Killed Nergalle
  9538 | Lair:3   | Reached skill level 11 in Crossbows
  9863 | Lair:3   | Found a hole to the Spider Nest.
 10253 | D:10     | Learned a level 2 spell: Sticks to Snakes
 10559 | Lair:4   | Reached skill level 12 in Crossbows
 10643 | Lair:4   | Found a staircase to the Swamp.
 11091 | Lair:5   | Received a gift from Okawaru
 11092 | Lair:5   | Reached skill level 13 in Crossbows
 11507 | Lair:6   | Entered Level 6 of the Lair of Beasts
 11600 | Lair:6   | Found a staircase to the Slime Pits.
 11711 | Lair:6   | Reached XP level 14. HP: 85/113 MP: 14/26
 11764 | Lair:6   | Reached skill level 14 in Crossbows
 12096 | Lair:6   | Received a gift from Okawaru
 12110 | Lair:6   | Received a gift from Okawaru
 12110 | Lair:6   | Reached skill level 15 in Crossbows
 12149 | Lair:6   | HP: 9/146 [yak (15)]
 12149 | Lair:6   | Slain by a blink frog

Vault maps used:
D:1:      onia_arrival_larder
D:2:      chequers_ecumenical_altar_simple_redux, first_ration, uniq_jessica,
          uniq_robin, uniq_sigmund
D:3:      kennysheep_generic_room_11, uniq_grinder, uniq_crazy_yiuf_cottage
D:5:      serial_undead, serial_undead_f, serial_undead_a, serial_undead_a,
          serial_undead_a, serial_shops, shop, grunt_decor_cap
D:6:      cheibrodos_steamvent, minmay_overflow_temple_hex,
          minmay_temple_entry_statues_pillars, okawaru_gym_becter,
          uniq_eustachio
D:8:      serial_shops, nicolae_shop_behind_doors, shop, kennysheep_little_box,
          uniq_prince_ribbit1, uniq_psyche
D:9:      gammafunk_ghost_mausoleum, serial_shops, shop, serial_bayou_pond_d,
          uniq_grum
D:10:     grunt_lair_entry_orc_guard_hut, nicolae_trove_entry_path_of_doom
Temple:   nicolae_temple_x_marks_the_god
Lair:1:   kennysheep_rathole
Lair:2:   st_stairs_3, serial_bayou_pond_c, minmay_lair_oklob_chamber,
          lemuel_fruit_fields, serial_bayou_shore_b, infiniplex_staircase_pool,
          lemuel_fruit_fields, grunt_megastairs_5
Lair:3:   spider_nest_entry_webs, serial_bayou_pond_e, uniq_nergalle
Lair:4:   minmay_swamp_entry_worms, infiniplex_staircase_pool_2
Lair:6:   grunt_lair_end_beastmaster, slime_dummy, grunt_forest_large_clearings

Skill      XL: |  1  2  3  4  5  6  7  8  9 10 11 12 13 14 |
---------------+-------------------------------------------+-----
Fighting       | 3 4 5 7 8 9 11 | 11.5
Armour         | 1 2 |  2.0
Dodging        | 3 4 5 6 |  6.9
Crossbows      | 6 9 13 15 | 15.3
Transmutations | 4 8 10 | 10.0
Spellcasting   | 3 5 7 8 |  8.0
Unarmed Combat | 4 9 10 | 10.0
Hexes          | 1 3 4 |  4.0
Translocations | 1 2 |  2.0
Necromancy     | 1 |  1.1
Stealth        | |  0.8

Action                   |  1- 3 |  4- 6 |  7- 9 | 10-12 | 13-15 || total
-------------------------+-------+-------+-------+-------+-------++-------
Melee: Short sword       |    77 |    60 |       |       |       ||   137
       Dagger            |       |     3 |   265 |       |       ||   268
       Quarterstaff      |       |       |    10 |       |       ||    10
       Rapier            |       |       |   114 |       |       ||   114
       Spear             |       |       |    16 |   207 |     1 ||   224
       Unarmed           |       |       |       |   315 |   413 ||   728
       Punch             |       |       |       |    11 |     5 ||    16
 Fire: Hand crossbow     |     4 |    84 |    44 |    38 |       ||   170
       Triple crossbow   |       |       |       |    12 |       ||    12
       Arbalest          |       |       |       |     8 |    99 ||   107
Throw: Tomahawk          |       |       |    11 |     1 |       ||    12
 Cast: Blade Hands       |       |       |       |    43 |    47 ||    90
       Apportation       |       |       |       |    46 |   105 ||   151
       Confusing Touch   |       |       |       |     1 |       ||     1
       Hydra Form        |       |       |       |       |     4 ||     4
       Ice Form          |       |       |       |       |     1 ||     1
Invok: Heroism           |       |       |       |     2 |     3 ||     5
       Finesse           |       |       |       |       |     1 ||     1
 Abil: Hop               |       |     1 |       |     3 |     2 ||     6
       Evoke Invisibilit |       |       |     2 |     2 |     3 ||     7
       End Transformatio |       |       |       |     8 |    28 ||    36
Evoke: Wand              |       |       |    11 |     7 |     1 ||    19
  Use: Scroll            |     7 |     5 |     8 |     6 |     5 ||    31
       Potion            |       |     2 |     5 |     3 |     3 ||    13
 Stab: Paralysed         |       |       |     4 |       |       ||     4
       Invisible         |       |       |     1 |     2 |       ||     3
       Distracted        |       |       |       |     1 |     1 ||     2
       Confused          |       |       |       |     1 |       ||     1
       Sleeping          |       |       |       |     3 |       ||     3
       Petrified         |       |       |       |       |     6 ||     6
  Eat: Chunk             |       |     4 |    11 |    28 |    18 ||    61
       Ration            |       |       |     2 |     2 |     1 ||     5
Armor: Leather armour    |    17 |       |       |       |       ||    17
       Ring mail         |     3 |    38 |    67 |       |       ||   108
       Steam dragon scal |       |       |    47 |   123 |    95 ||   265
       Skin              |       |       |       |       |     6 ||     6
       Troll leather arm |       |       |       |       |     3 ||     3
Dodge: Dodged            |    45 |    62 |   359 |   395 |   442 ||  1303

Table legend:
 A = Spawn XP
 B = Non-spawn XP
 C = Spawn XP percentage of total XP
 D = Spawn monster count
 E = Non-spawn monster count
 F = Spawn count percentage of total count
 G = Total turns spent on level
                    A         B        C        D         E        F      G
               +---------+---------+-------+---------+---------+-------+---------
         Total |       0 |   68213 |   0.0 |       0 |     537 |   0.0 | 12149
               +---------+---------+-------+---------+---------+-------+---------
           D:1 |       0 |      49 |   0.0 |       0 |      25 |   0.0 |   847
           D:2 |       0 |     421 |   0.0 |       0 |      33 |   0.0 |   650
           D:3 |       0 |     407 |   0.0 |       0 |      21 |   0.0 |   783
           D:4 |       0 |     362 |   0.0 |       0 |      24 |   0.0 |   871
           D:5 |       0 |     903 |   0.0 |       0 |      33 |   0.0 |   705
           D:6 |       0 |     979 |   0.0 |       0 |      17 |   0.0 |   589
           D:7 |       0 |    1187 |   0.0 |       0 |      24 |   0.0 |   708
           D:8 |       0 |    4249 |   0.0 |       0 |      38 |   0.0 |   832
           D:9 |       0 |    4846 |   0.0 |       0 |      58 |   0.0 |   909
          D:10 |       0 |    4423 |   0.0 |       0 |      40 |   0.0 |   792
        Lair:1 |       0 |    3096 |   0.0 |       0 |      23 |   0.0 |   853
        Lair:2 |       0 |   10352 |   0.0 |       0 |      32 |   0.0 |   903
        Lair:3 |       0 |    6429 |   0.0 |       0 |      27 |   0.0 |   686
        Lair:4 |       0 |    6382 |   0.0 |       0 |      44 |   0.0 |   770
        Lair:5 |       0 |    7327 |   0.0 |       0 |      34 |   0.0 |   613
        Lair:6 |       0 |   16801 |   0.0 |       0 |      64 |   0.0 |   628
               +---------+---------+-------+---------+---------+-------+---------

Table legend:
 A = Turns spent in this place as a percentage of turns spent in the entire game.
 B = Non-inter-level travel turns spent in this place as a percentage of non-inter-level travel turns spent in the entire game.
 C = Inter-level travel turns spent in this place as a percentage of turns spent in this place.
 D = Turns resting spent in this place as a percentage of non-inter-level travel turns spent in this place.
 E = Turns spent auto-exploring this place as a percentage of non-inter-level travel turns spent in this place.
 F = Non-inter-level travel turns spent in this place divided by the number of levels of this place that you've seen.
                   A       B       C       D       E      F
               +-------+-------+-------+-------+-------+----------------------
         Total | 100.0 | 100.0 |   7.7 |   1.8 |   1.5 | 659.3
       Dungeon |  63.3 |  63.2 |   7.8 |   2.8 |   2.4 | 708.7
        Temple |   0.1 |   0.1 |   0.0 |   0.0 |   0.0 |  10.0
          Lair |  36.7 |  36.7 |   7.7 |   0.1 |   0.0 | 685.2
               +-------+-------+-------+-------+-------+----------------------

Table legend:
 A = Kills in this place as a percentage of kills in entire the game.
 B = Kills by you in this place as a percentage of kills by you in the entire game.
 C = Kills by friends in this place as a percentage of kills by friends in the entire game.
 D = Other kills in this place as a percentage of other kills in the entire game.
 E = Experience gained in this place as a percentage of experience gained in the entire game.
 F = Experience gained in this place divided by the number of levels of this place that you have seen.
                   A       B       C       D       E      F
               +-------+-------+-------+-------+-------+----------------------
         Total | 100.0 | 100.0 |   N/A |   N/A | 100.0 | 4012.5
       Dungeon |  58.3 |  58.3 |   N/A |   N/A |  26.1 | 1782.6
          Lair |  41.7 |  41.7 |   N/A |   N/A |  73.9 | 8397.8
               +-------+-------+-------+-------+-------+----------------------

Vault maps used:
D:1:      onia_arrival_larder
D:2:      chequers_ecumenical_altar_simple_redux, first_ration, uniq_jessica,
          uniq_robin, uniq_sigmund
D:3:      kennysheep_generic_room_11, uniq_grinder, uniq_crazy_yiuf_cottage
D:5:      serial_undead, serial_undead_f, serial_undead_a, serial_undead_a,
          serial_undead_a, serial_shops, shop, grunt_decor_cap
D:6:      cheibrodos_steamvent, minmay_overflow_temple_hex,
          minmay_temple_entry_statues_pillars, okawaru_gym_becter,
          uniq_eustachio
D:8:      serial_shops, nicolae_shop_behind_doors, shop, kennysheep_little_box,
          uniq_prince_ribbit1, uniq_psyche
D:9:      gammafunk_ghost_mausoleum, serial_shops, shop, serial_bayou_pond_d,
          uniq_grum
D:10:     grunt_lair_entry_orc_guard_hut, nicolae_trove_entry_path_of_doom
Temple:   nicolae_temple_x_marks_the_god
Lair:1:   kennysheep_rathole
Lair:2:   st_stairs_3, serial_bayou_pond_c, minmay_lair_oklob_chamber,
          lemuel_fruit_fields, serial_bayou_shore_b, infiniplex_staircase_pool,
          lemuel_fruit_fields, grunt_megastairs_5
Lair:3:   spider_nest_entry_webs, serial_bayou_pond_e, uniq_nergalle
Lair:4:   minmay_swamp_entry_worms, infiniplex_staircase_pool_2
Lair:6:   grunt_lair_end_beastmaster, slime_dummy, grunt_forest_large_clearings
